 Dungeon Crawl Stone Soup version 0.31.0-9-g3a7656b989 (webtiles) character file.

Game seed: 17353551367807539576

438 Amplified the Magician (level 6, 0/48 HPs)
             Began as a Mummy Hexslinger on Jan 25, 2024.
             Killed from afar by a steam dragon (21 damage)
             ... with a ball of steam
             ... on level 4 of the Dungeon.
             The game lasted 00:08:42 (3254 turns).

Amplified the Magician (Mummy Hexslinger)           Turns: 3254, Time: 00:08:42

Health: 0/48       AC:  6    Str: 13    XL:     6   Next: 69%
Magic:  12/12      EV: 10    Int: 13    God:
Gold:   187        SH:  0    Dex: 14    Spells: 14/14 levels left

rFire   x . .        h - +1 club (spect)
rCold   + . .        (no shield)
rNeg    + + +        k - +0 ring mail
rPois   ∞            (no helmet)
rElec   .            (no cloak)
rCorr   .            d - +0 pair of gloves
SInv    .            (no boots)
Will    +....        (no amulet)
Stlth   +            g - ring of willpower
HPRegen 0.28/turn    (no ring)
MPRegen 0.13/turn

%: faith
@: no status effects
A: cold resistance 1, negative energy resistance 3, torment resistance 2, heat
vulnerability 1, in touch with death 1, no potions, faith
a: no special abilities


You were on level 4 of the Dungeon.
You visited 1 branch of the dungeon, and saw 5 of its levels.

You collected 187 gold pieces.

Inventory:

Hand Weapons
 a - a +1 sling
 e - a +0 whip
 h - a +1 spectral club (weapon)
 j - a +1 dagger of venom
 o - a +0 battleaxe
 q - a +1 scythe of flaming
Missiles
 m - 2 poisoned darts (quivered)
Armour
 c - a +0 robe
 d - a +0 pair of gloves (worn)
 i - a +0 chain mail
 k - a +0 ring mail (worn)
 l - a +0 helmet
Jewellery
 g - a ring of willpower (left hand)
Talismans
 f - a beast talisman
Wands
 p - a wand of polymorph (7)
Scrolls
 n - a scroll of identify


   Skills:
 * Level 3.7 Fighting
 * Level 2.8 Maces & Flails
 - Level 1.5 Ranged Weapons
 + Level 1.8 Armour
 - Level 1.5 Dodging
 * Level 4.5 Spellcasting
 - Level 2.6 Hexes
 - Level 0.7 Fire Magic


You had 14 spell levels left.
You didn't know any spells.
Your spell library contained the following spells:

 Spells                   Type           Power      Damage    Failure   Level
 Jinxbite                 Hex            18%        N/A       21%         2
 Sigil of Binding         Hex            9%         N/A       38%         3
 Inner Flame              Hex/Fire       7%         N/A       52%         3
 Cause Fear               Hex            4%         N/A       80%         4
 Dimensional Bullseye     Hex/Tloc       3%         N/A       94%         4
 Irradiate                Conj/Alch      1%         3d12      100%        5
 Ignition                 Fire           2%         3d3       100%        8


Dungeon Overview and Level Annotations

Branches:
Dungeon (5/15)
 Temple: D:4-7

Altars:

Annotations:
D:3 1 runed translucent door, Crazy Yiuf, Grinder


Innate Abilities, Weirdness & Mutations

You are immune to poison.
Your flesh is cold resistant. (rC+)
You are immune to negative energy. (rN+++)
You are immune to unholy pain and torment.
You are vulnerable to heat. (rF-)
You are in touch with the powers of death.
You do not drink.
You have a special connection with the divine. (Faith)


Message History

Aim: a steam dragon (catching its breath, will become a swamp drake, a tengu, or a fire bat, chance to affect: 49%)
The steam dragon resists with some effort.
Unknown command.
Unknown command.
Okay, then.
Okay, then.
You can't drink.
Unknown command.
Sorry, you're not good enough to have a special ability.
Unknown command.
Throw: 4 darts (poison)
Press: ? - help, Q - select action, (/) - cycle Shift-Dir - straight line, f/p - steam dragon
Aim: a steam dragon (catching its breath, 56% to hit)
You throw a poisoned dart.
The poisoned dart hits the steam dragon.
The steam dragon is poisoned.
Unknown command.
Throw: 3 darts (poison)
Press: ? - help, Q - select action, (/) - cycle Shift-Dir - straight line, f/p - steam dragon
Aim: a steam dragon (steam, poisoned, catching its breath, 56% to hit)
You throw a poisoned dart.
The poisoned dart barely misses the steam dragon.
Unknown command.
You hit the steam dragon but do no damage.
The steam dragon is lightly wounded.
Your +1 spectral club closely misses the steam dragon.
The steam dragon bites you.
The steam dragon claws you but does no damage.
The steam dragon barely misses you. The steam dragon claws you.
Unknown command.
You hit the steam dragon.
The steam dragon is moderately wounded.
Your +1 spectral club hits the steam dragon but does no damage.
The steam dragon breathes steam at you. The ball of steam hits you!!
The steam scalds you terribly!
Unknown command.
Your +1 spectral club disappears.
The steam dragon breathes steam at you. The ball of steam hits you!!
The steam scalds you terribly!
You die...

...#
#..................#
...#
#..........#########
... #.........§# ..
#.......§§.#
#.......§§.#
###.........§#
...........§§#
...........§.#
..........@D(#
....#######(### # #
######..)(#
..........#
..........#
........##...
#######(# ..... ...
.... ... ....


You could see a steam dragon (poisoned, catching breath).

Vanquished Creatures
  3 scorpions
  A hound (D:5)
  2 orc priests (D:4)
  Jessica (D:3)
  Robin (D:3)
  4 adders
  A ribbon worm (D:3)
  2 dart slugs
  7 orcs
  6 endoplasms
  A giant cockroach (D:1)
  13 goblins
  9 hobgoblins
  2 jackals (D:4)
  9 kobolds
  4 quokkas
  5 ball pythons
  8 bats
  5 frilled lizards
  5 rats
89 creatures vanquished.

Notes
Turn   | Place    | Note
-------+----------+-------------------------------------------
     0 | D:1      | Amplified the Mummy Hexslinger began the quest for the Orb.
     0 | D:1      | Reached XP level 1. HP: 15/15 MP: 2/2
   252 | D:1      | Reached XP level 2. HP: 21/21 MP: 4/4
   340 | D:1      | Reached skill level 2 in Spellcasting
   861 | D:2      | Reached skill level 1 in Maces & Flails
   861 | D:2      | Reached XP level 3. HP: 19/27 MP: 6/6
  1421 | D:2      | Reached XP level 4. HP: 20/33 MP: 8/8
  1814 | D:3      | Found a runed translucent door.
  1815 | D:3      | Noticed Crazy Yiuf
  1834 | D:3      | Noticed Robin
  1884 | D:3      | Killed Robin
  1885 | D:3      | Reached skill level 1 in Armour
  1885 | D:3      | Reached skill level 3 in Spellcasting
  1951 | D:3      | Noticed Grinder
  1967 | D:3      | Paralysed by Grinder for 5 turns
  2234 | D:3      | Noticed a scorpion
  2404 | D:3      | Noticed Jessica
  2419 | D:3      | Killed Jessica
  2420 | D:3      | Reached XP level 5. HP: 36/39 MP: 8/10
  2575 | D:3      | Found a faded altar of an unknown god.
  2714 | D:4      | Reached skill level 4 in Spellcasting
  2765 | D:4      | Noticed Sigmund
  2766 | D:4      | Sigmund changed into Sigmund the scorpion
  2766 | D:4      | Noticed Sigmund
  2778 | D:4      | Killed Sigmund the scorpion
  2779 | D:4      | Reached XP level 6. HP: 38/47 MP: 12/12
  2828 | D:4      | Noticed a steam dragon
  2899 | D:5      | Entered Level 5 of the Dungeon
  2958 | D:5      | Noticed an orc warrior
  3254 | D:4      | Killed from afar by a steam dragon

Illustrated notes

Levels and vault maps discovered:
D:1:      lemuel_arrival_muddy, layout_rooms, minmay_tall_x
D:2:      layout_basic, grunt_ministairs_10
D:3:      minmay_skewed_foursquare, layout_rooms,
          shapermc_ecumenical_altar_pompeii, uniq_grinder,
          uniq_crazy_yiuf_cottage, uniq_jessica, uniq_robin
D:4:      layout_basic, gammafunk_temple_overflow_forgotten,
          chequers_mini_garden, uniq_sigmund
D:5:      layout_rooms, general_overflow_altar, serial_co_window_serial,
          co_window_of_opportunity_a, co_window_paths_a, co_window_paths_a,
          co_window_paths_a, co_window_paths_a, co_window_corner_b,
          co_window_of_opportunity_b, co_window_2corner, co_window_corner_cb,
          co_window_2corner, glass_columns_a, glass_columns_b, glass_columns_b,
          glass_columns_c, glass_columns_a, uniq_ijyb

Skill      XL: |  1  2  3  4  5 |
---------------+----------------+-----
Spellcasting   | 2 3 4 |  4.5
Maces & Flails | 1 2 |  2.8
Fighting       | 2 3 |  3.7
Armour         | 1 |  1.8
Ranged Weapons | |  1.5
Dodging        | |  1.5
Hexes          | |  2.6
Fire Magic     | |  0.7

Action                     |  1- 3 |  4- 6 || total
---------------------------+-------+-------++-------
  Melee: Whip              |   138 |       ||   138
         Dagger            |    22 |    45 ||    67
         Club              |       |   144 ||   144
         Punch             |       |     1 ||     1
   Fire: Sling             |     9 |       ||     9
  Throw: Dart              |       |    20 ||    20
  Evoke: Wand              |       |     4 ||     4
    Use: Scroll            |     3 |     5 ||     8
   Stab: Distracted        |       |     1 ||     1
 Armour: Robe              |    97 |     4 ||   101
         Ring mail         |       |   119 ||   119
  Dodge: Dodged            |   111 |    95 ||   206
